 Dungeon Crawl Stone Soup version 0.30-a0-722-g3e6e8c874d (webtiles) character file.

Game seed: 7441330463042765666

5730 bande the Cleaver (level 10, -2/61 HPs)
             Began as a Gargoyle Fighter on Jan 25, 2023.
             Was a High Priest of Okawaru.
             Slain by an unseen horror simulacrum (6 damage)
             ... on level 9 of the Dungeon on Jan 28, 2023.
             The game lasted 00:19:42 (8610 turns).

bande the Cleaver (Gargoyle Fighter)                Turns: 8610, Time: 00:19:43

Health: -2/61      AC: 22    Str: 21    XL:     10   Next: 77%
Magic:  14/14      EV:  7    Int:  8    God:    Okawaru [*****.]
Gold:   553        SH: 11    Dex: 13    Spells: 9/9 levels left

rFire   + . .      SeeInvis .    F - +2 war axe (flame)
rCold   . . .      Faith    .    c - +0 buckler
rNeg    + + .      Spirit   .    i - +0 chain mail
rPois   ∞          Reflect  +    k - +0 helmet
rElec   +          Harm     .    y - scarf {repulsion}
rCorr   .          Rampage  .    (no gloves)
Will    .....                    g - +2 pair of boots Stlth
                                 h - amulet of reflection
HPRegen 0.30/turn                m - ring of positive energy
MPRegen 0.14/turn                p - ring of protection from fire

@: repel missiles
A: sickness immunity, AC +7, negative energy resistance 1, electricity
resistance, torment resistance 1, petrification resistance
a: Renounce Religion, Heroism, Finesse, Duel


You were on level 9 of the Dungeon.
You worshipped Okawaru.
Okawaru was extremely pleased with you.
You visited 2 branches of the dungeon, and saw 10 of its levels.
You also visited: Sewer.

You collected 553 gold pieces.

Inventory:

Hand Weapons
 a - a +1 war axe
 F - a +2 war axe of flaming (weapon)
Armour
 c - a +0 buckler (worn)
 g - a +2 pair of boots (worn)
 i - a +0 chain mail (worn)
 k - a +0 helmet (worn)
 y - a scarf of repulsion (worn)
Jewellery
 e - an amulet of regeneration
 h - an amulet of reflection (around neck)
 m - a ring of positive energy (left hand)
 p - a ring of protection from fire (right hand)
 C - a ring of magical power
 D - a ring of wizardry
Wands
 f - a wand of roots (9)
 x - a wand of flame (19)
 z - a wand of digging (1)
Scrolls
 o - 2 scrolls of blinking
 w - 2 scrolls of identify
 A - a scroll of amnesia
 B - a scroll of magic mapping
Potions
 b - 3 potions of flight
 d - 3 potions of might
 j - 2 potions of haste
 l - 2 potions of berserk rage
 n - 3 potions of curing
 q - 5 potions of mutation
 r - 3 potions of resistance
 s - 3 potions of invisibility
 t - a potion of ambrosia {unknown}
 u - a potion of magic


   Skills:
 + Level 6.4 Fighting
 + Level 8.9 Axes
 + Level 6.8 Armour
 + Level 7.7 Shields
 * Level 6.4 Invocations
 * Level 4.6 Evocations


You had 9 spell levels left.
You didn't know any spells.
Your spell library contained the following spells:

 Spells                   Type           Power      Damage    Failure   Level
 Apportation              Tloc           0%         N/A       99%         1
 Foxfire                  Conj/Fire      0%         2x1d4     99%         1
 Necrotise                Necr           0%         1d4       99%         1
 Ignite Poison            Fire/Tmut/Pois 0%         N/A       100%        3
 Sticky Flame             Conj/Fire      0%         2d3       100%        4
 Fireball                 Conj/Fire      0%         3d3       100%        5
 Starburst                Conj/Fire      0%         6d3       100%        6
 Ignition                 Fire           0%         3d3       100%        8
 Summon Small Mammal      Summ           Unusable   N/A       N/A         1

Dungeon Overview and Level Annotations

Branches:
Dungeon (9/15)             Temple (1/1) D:4           Sewer (visited)
   Lair: D:8-11         Orc: D:9-12

Altars:
Ashenzari
Dithmenos
Elyvilon
Gozag
Kikubaaqudgha
Makhleb
Nemelex Xobeh
Okawaru
Ru
Sif Muna
Trog
Uskayaw
Vehumet
Wu Jian
Xom
Yredelemnul
Zin
The Shining One

Shops:
D:5 :*?[


Innate Abilities, Weirdness & Mutations

You are immune to sickness and miasma.
Your stone body is resilient. (AC +7)
You are immune to poison.
You resist negative energy. (rN+)
You are resistant to electric shocks. (rElec)
You are resistant to unholy torment.
You are immune to petrification.


Message History

You block the howler monkey simulacrum's attack.
A gnoll comes into view. It is wielding a +0 flail.
The white imp sputters.
The orc barely misses you. 2 orcs come into view.
The orc shouts! x2; You hear a shout!
The centaur simulacrum barely misses you.
You block the centaur simulacrum's attack.
The gnoll hits you but does no damage.
The howler monkey simulacrum hits you but does no damage.
The white imp shouts, "Out, out, thou warped guts-griping serf!"
An orc comes into view. It is wielding a +0 whip.
An orc comes into view. It is wielding a +0 hand axe.
You hear a shout!
Your surroundings suddenly seem different.
An unseen horror simulacrum comes into view.
Found 10 gold pieces.
Found an escape hatch in the ceiling and an escape hatch in the floor.
The unseen horror simulacrum closely misses you.
The unseen horror simulacrum hits you but does no damage.
The unseen horror simulacrum attacks as you move away!
You block the unseen horror simulacrum's attack.
The unseen horror simulacrum barely misses you.
The unseen horror simulacrum barely misses you.
The unseen horror simulacrum hits you.
The unseen horror simulacrum freezes you!
You slash the unseen horror simulacrum!
You melt the unseen horror simulacrum.
The unseen horror simulacrum is almost destroyed.
The unseen horror simulacrum hits you but does no damage.
The unseen horror simulacrum hits you.
The unseen horror simulacrum freezes you!!
The unseen horror simulacrum hits you.
* * * LOW HITPOINT WARNING * * *
The unseen horror simulacrum freezes you!
* * * LOW HITPOINT WARNING * * *
You block the unseen horror simulacrum's attack.
You hit the unseen horror simulacrum but do no damage.
The unseen horror simulacrum is almost destroyed.
The unseen horror simulacrum hits you.
You die...

###################
.......@Z.......<..
..............$....
...................
........>..........
...................
...................
.................∩.
###############....


You could see an unseen horror simulacrum.

Vanquished Creatures
  Amaemon (D:8)
  Joseph (D:8)
  An orange demon (D:8)
  Maggie (D:8)
  A kobold demonologist (D:7)
  7 black bears
  An orc warrior (D:9)
  3 ice beasts
  3 sky beasts
  2 centaurs (D:5)
  A phantom (D:5)
  18 kobold brigands
  A necrophage (D:4)
  A scorpion (D:6)
  5 killer bees (D:8)
  A howler monkey (D:5)
  2 hounds
  3 orc priests (D:7)
  A gnoll bouda (D:5)
  2 jellies (D:6)
  5 iguanas
  6 orc wizards
  6 gnolls
  10 adders
  2 river rats
  2 shadow imps (D:7)
  2 white imps
  4 worms
  The ghost of ASSMAN the Sneak, a weakling KoDe (D:7)
  7 dart slugs
  41 orcs
  9 endoplasms
  A giant cockroach (D:2)
  6 hobgoblins
  4 jackals (Sewer)
  6 quokkas
  5 ball pythons
  4 bats
  5 frilled lizards
  6 goblins
  9 kobolds
  6 rats
203 creatures vanquished.

Vanquished Creatures (others)
  3 fungi (D:6)
  28 plants
31 creatures vanquished.

Grand Total: 234 creatures vanquished

Notes
Turn   | Place    | Note
-------+----------+-------------------------------------------
     0 | D:1      | bande the Gargoyle Fighter began the quest for the Orb.
     0 | D:1      | Reached XP level 1. HP: 14/14 MP: 1/1
   145 | D:1      | Reached XP level 2. HP: 19/19 MP: 2/2
   145 | D:1      | Upgraded the game from 0.30-a0-715-gdb4ae3ece1 to
                  | 0.30-a0-718-geaa24f58ff
   255 | D:1      | Reached skill level 2 in Axes
   358 | D:1      | Reached XP level 3. HP: 23/23 MP: 3/3
   389 | D:1      | Upgraded the game from 0.30-a0-718-geaa24f58ff to
                  | 0.30-a0-722-g3e6e8c874d
   657 | D:2      | Reached XP level 4. HP: 28/28 MP: 4/4
  1141 | D:3      | Reached skill level 3 in Axes
  1728 | D:3      | Found a sparkling altar of Nemelex Xobeh.
  2188 | D:4      | Identified the +1 robe "Qirocs" {rCorr Str-2 Int+4}
  2199 | D:4      | Found a staircase to the Ecumenical Temple.
  2216 | Temple   | Entered the Ecumenical Temple
  2274 | D:4      | Noticed a necrophage
  2275 | D:4      | Reached XP level 5. HP: 33/33 MP: 5/5
  2505 | D:4      | Reached skill level 4 in Axes
  2505 | D:4      | Reached XP level 6. HP: 37/38 MP: 6/6
  2870 | D:4      | Found an iron altar of Okawaru.
  2897 | D:4      | Became a worshipper of Warmaster Okawaru
  3024 | D:4      | Noticed a black bear
  3037 | D:4      | Killed a black bear
  3193 | D:5      | Entered Level 5 of the Dungeon
  3193 | D:5      | Found Dyluntug's Book Emporium.
  3205 | D:5      | Reached skill level 1 in Invocations
  3256 | D:5      | Reached * piety under Okawaru
  3257 | D:5      | Reached XP level 7. HP: 33/43 MP: 7/7
  3306 | D:5      | Found an ancient bone altar of Kikubaaqudgha.
  3306 | D:5      | Found a glowing golden altar of the Shining One.
  3460 | D:5      | Found Vaedu's Magic Scroll Boutique.
  3480 | D:5      | Reached skill level 5 in Shields
  3483 | D:5      | Reached skill level 5 in Axes
  3505 | D:5      | HP: 2/44 [centaur (2)]
  3508 | D:5      | Found a basalt altar of Yredelemnul.
  3511 | D:5      | Reached XP level 8. HP: 5/48 MP: 8/10
  3598 | D:5      | Reached ** piety under Okawaru
  3861 | D:5      | Found Ude Kepp's Armour Shoppe.
  4011 | D:5      | Found Tohuill's General Store.
  4271 | D:6      | Identified the +1 robe of Ofeev {rN+ rCorr}
  4296 | D:6      | Reached skill level 5 in Armour
  4308 | D:6      | Found a glowing drain.
  4312 | Sewer    | Entered a sewer
  4452 | Sewer    | Reached skill level 1 in Evocations
  4508 | Sewer    | Reached skill level 6 in Axes
  4983 | Sewer    | Reached skill level 5 in Fighting
  5242 | D:6      | Reached XP level 9. HP: 42/54 MP: 10/12
  5245 | D:6      | Reached *** piety under Okawaru
  5560 | D:6      | Reached skill level 7 in Axes
  5692 | D:6      | Found a runed translucent gate.
  5692 | D:6      | Found a runed translucent gate.
  5890 | D:6      | Found a runed translucent gate.
  5890 | D:6      | Noticed a kobold demonologist
  5890 | D:6      | Noticed ASSMAN's ghost (weakling KoDe)
  6147 | D:7      | Killed ASSMAN's ghost
  6332 | D:6      | Noticed an ice devil
  6335 | D:7      | Noticed an ice devil
  6339 | D:7      | Noticed a smoke demon
  6342 | D:7      | Noticed a smoke demon
  6346 | D:7      | Killed a kobold demonologist
  6347 | D:7      | Reached skill level 5 in Invocations
  6534 | D:7      | Reached **** piety under Okawaru
  6539 | D:7      | HP: 2/55 [kobold brigand/+0 short sword (2)]
  6694 | D:6      | Reached XP level 10. HP: 57/60 MP: 14/14
  6767 | D:7      | Reached skill level 8 in Axes
  6821 | D:7      | Received a gift from Okawaru
  7275 | D:8      | Noticed Maggie
  7294 | D:8      | Killed Maggie
  7384 | D:8      | Noticed Joseph
  7404 | D:8      | Killed Joseph
  7932 | D:8      | Noticed Amaemon
  7937 | D:8      | Noticed an orange demon
  7953 | D:8      | Killed Amaemon
  7953 | D:8      | Reached ***** piety under Okawaru
  7963 | D:8      | Killed an orange demon
  8306 | D:8      | Noticed a +0 short sword
  8306 | D:8      | Noticed a +0 falchion
  8307 | D:8      | Noticed a +0 dagger
  8307 | D:8      | Noticed a +0 spear
  8308 | D:8      | Noticed a +0 falchion
  8329 | D:8      | Noticed a +0 spear
  8329 | D:8      | Noticed a +0 dagger
  8330 | D:8      | Noticed a +0 short sword
  8345 | D:8      | Found a hide-covered altar of Uskayaw.
  8610 | D:9      | Slain by an unseen horror simulacrum

Illustrated notes

Levels and vault maps discovered:
D:1:      scummos_arrival_forest, layout_rooms, minmay_misc_feat_square
D:2:      layout_rooms, hangedman_decor_growths, grunt_ministairs_3,
          minmay_misc_feat_rugged
D:3:      layout_loops_corners, nemelex_xobeh_ov_fountains_minmay, minivault_5
D:4:      layout_layer_cave, mainiacjoe_overflow_catwalk, temple_statues
D:5:      minmay_general_purpose_star, layout_rooms, yredelemnul_altar_generic,
          grunt_temple_overflow_open, serial_shops,
          nicolae_shop_temple_entry_statues_fountains, nicolae_lakefront_shop,
          shop, shop
D:6:      layout_basic, gup_sewer_entry_bowl, gammafunk_ghost_nasty_kobolds
D:7:      layout_rooms
D:8:      layout_rooms, nicolae_uskayaw_en_pointe,
          nicolae_overflow_hidden_temple, uniq_maggie, uniq_joseph, uniq_amaemon
D:9:      layout_long_grid, hiddenorc2_lemuel, hellmonk_ghost_big_iron,
          serial_ice, serial_ice_n, serial_ice_l, serial_ice_a, serial_ice_o
Temple:   nicolae_temple_ecumenical_triangle

Skill      XL: |  1  2  3  4  5  6  7  8  9 10 |
---------------+-------------------------------+-----
Axes           | 2 3 4 5 6 7 8 |  8.9
Armour         | 4 5 6 |  6.8
Shields        | 4 5 6 7 |  7.7
Fighting       | 4 5 6 |  6.4
Invocations    | 1 2 4 5 6 |  6.4
Evocations     | 2 3 4 |  4.6

Action                     |  1- 3 |  4- 6 |  7- 9 | 10-12 || total
---------------------------+-------+-------+-------+-------++-------
  Melee: War axe           |   101 |   170 |   419 |   164 ||   854
    Use: Scroll            |     6 |    10 |     3 |     3 ||    22
         Potion            |       |       |     1 |       ||     1
 Armour: Scale mail        |    12 |       |       |       ||    12
         Chain mail        |    78 |   119 |   288 |   120 ||   605
  Dodge: Dodged            |    60 |    49 |   111 |    36 ||   256
  Block: Buckler           |    22 |   109 |   222 |   115 ||   468
         Reflection        |       |     1 |     6 |     3 ||    10

Table legend: (Time is in decaauts)
 A = Elapsed time spent in this place.
 B = Non-inter-level travel time spent in this place.
 C = Inter-level travel time spent in this place.
 D = Time resting spent in this place.
 E = Time spent auto-exploring this place.
 F = Levels seen in this place.
 G = Mean time per level.
                   A        B        C        D        E       F      G
               +--------+--------+--------+--------+--------+-----+--------+
         Total |   9022 |   8884 |    138 |   1679 |   4788 |  11 |  820.2 |
       Dungeon |   7868 |   7730 |    138 |   1679 |   4149 |   9 |  874.2 |
        Temple |     50 |     50 |      0 |      0 |     30 |   1 |   50.0 |
         Sewer |   1103 |   1103 |      0 |      0 |    608 |   1 | 1103.0 |
               +--------+--------+--------+--------+--------+-----+--------+

Top non-repeatable levels by time:
     D:6: 1271 daAuts
     D:8: 1150 daAuts
   Sewer: 1103 daAuts
     D:5: 1092 daAuts
     D:3: 1080 daAuts
     D:4: 993 daAuts
     D:7: 914 daAuts
     D:1: 607 daAuts
     D:2: 556 daAuts
     D:9: 203 daAuts
  Temple: 50 daAuts
